[Event "*** Titled Tuesday Blitz"]
[Site "Chess.com"]
[Date "2020.04.07"]
[Round "5"]
[White "AlexOstrovskiy"]
[Black "JonahWillow"]
[Result "1/2-1/2"]
[WhiteElo "2613"]
[BlackElo "2771"]
[TimeControl "180+1"]
[EndTime "13:54:56 PDT"]
[Termination "Game drawn by agreement"]

1. d4 Nf6 2. Bg5 e6 3. Nd2 h6 4.
Bh4 d5 5. e3 Bd6 6. c3 O-O 7.
f4 c5 8. Ngf3 Nc6 9. Ne5 Be7 10.
Bd3 Nd7 11. Bxe7 Qxe7 12. O-O Rd8 13. Qh5 Nf6 14. Qh4 Nd7 15. Qh5 f6 16. Nxc6 bxc6 17. Rf3 e5 18. fxe5 fxe5 19. Qg6 e4 20. Nxe4 dxe4 21.
Bxe4 Nf8 22. Rxf8+ Rxf8 23. Qh7+ Kf7 24. Qg6+ Kg8 25.
Qh7+ Kf7 26. Qg6+ 1/2-1/2

[Event "*** Titled Tuesday Blitz"]
[Site "Chess.com"]
[Date "2020.04.07"]
[Round "5"]
[White "orrbaverlekszarnyon"]
[Black "WelshTiger"]
[Result "0-1"]
[WhiteElo "2168"]
[BlackElo "2407"]
[TimeControl "180+1"]
[EndTime "13:54:56 PDT"]
[Termination "WelshTiger won by resignation"]

1. e4 c5 2. Nf3 Nc6 3. d4 cxd4 4. Nxd4 Nf6 5. Nc3 d6 6. Bg5 Bd7 7. Qd2 Rc8 8. O-O-O Nxd4 9. Qxd4 Qa5 10. f4 Rxc3 11.
Qxc3 Qxc3 12. bxc3 Nxe4 13. Re1 Nxc3 14. Bc4 e6 15. f5 d5 16. Bb3 Ba3+ 17. Kd2 Ne4+ 18.
Kd3 Nxg5 19. Bxd5 O-O 20. h4 exd5 21. hxg5 Bxf5+ 22. Kd4 Be4 23. c4 Bb2+ 24. Kc5 b6+ 25. Kb5 Bd3 26. Ka6 Bxc4+ 27. Kxa7 Bd4 28. Kb7 Bc5 29. a4 g6 30. Kc6 Bf2 31. Re7 Kg7 32. Rb1 Ra8 33. Rb2 Bd4 34. Rd2 Bc5 35. Rb7 Rc8+ 36.
Kd7 Ra8 37. Kc6 d4 38. Rf2 d3 39. Rd2 Ba3 40. a5 Rxa5 41. Kxb6 Rb5+ 42. Kc6 Rxb7 43. Kxb7 Bc1 0-1

[Event "*** Titled Tuesday Blitz"]
[Site "Chess.com"]
[Date "2020.04.07"]
[Round "5"]
[White "Frogo47"]
[Black "garfield_pg"]
[Result "1-0"]
[WhiteElo "2495"]
[BlackElo "2227"]
[TimeControl "180+1"]
[EndTime "13:54:57 PDT"]
[Termination "Frogo47 won on time"]

1. d4 Nf6 2. c4 g6 3. Nc3 Bg7 4. e4 d6 5. Be2 O-O 6. Be3 c5 7. d5 b5 8. cxb5 a6 9. a4 axb5 10. axb5 Rxa1 11. Qxa1 Qb6 12. Nf3 Bg4 13. O-O Nbd7 14.
Qa6 Rb8 15. Ra1 Ne8 16. Qxb6 Nxb6 17. Ra7 Kf8 18. Kf1 Bxf3 19. gxf3 Nf6 20. Bd2 Nfd7 21. f4 Ra8 22. Ra6 Bd4 23. b3 Ke8 24. Na4 Rxa6 25. bxa6 Nxa4 26. bxa4 Nb6 27. Bb5+ Kd8 28.
a5 Na8 29. Bc6 Nc7 30. a7 1-0

[Event "*** Titled Tuesday Blitz"]
[Site "Chess.com"]
[Date "2020.04.07"]
[Round "5"]
[White "Cocaino74"]
[Black "IMRosen"]
[Result "0-1"]
[WhiteElo "2251"]
[BlackElo "2459"]
[TimeControl "180+1"]
[EndTime "13:54:59 PDT"]
[Termination "IMRosen won on time"]

1. e4 c5 2. Nf3 Nc6 3. Bb5 e6 4. Bxc6 bxc6 5. O-O Ne7 6. d3 Ng6 7. Nc3 e5 8. h3 d6 9. Bg5 f6 10. Be3 Be7 11. a3 O-O 12. b4 cxb4 13. axb4 d5 14. Rxa7 Rxa7 15. Bxa7 Bxb4 16. Qa1 Be6 17. Ne2 d4 18.
Rb1 c5 19. Qa6 Qd7 20. Ng3 Ra8 21. Ra1 Bc3 22. Ra3 Bb4 23. Ra1 Ne7 24. Qb6 Nc8 0-1

[Event "*** Titled Tuesday Blitz"]
[Site "Chess.com"]
[Date "2020.04.07"]
[Round "5"]
[White "chessdjw"]
[Black "arctic_t00"]
[Result "1-0"]
[WhiteElo "2649"]
[BlackElo "2398"]
[TimeControl "180+1"]
[EndTime "13:55:01 PDT"]
[Termination "chessdjw won by resignation"]

1. e4 e6 2. d4 d5 3. Nc3 Nf6 4. exd5 exd5 5. Bd3 Be7 6. h3 O-O 7. Nf3 Nbd7 8. O-O c6 9. Bf4 Nb6 10. Re1 Re8 11. Ne5 Be6 12. Qf3 Nc4 13. b3 Nxe5 14. dxe5 Nd7 15. Ne2 c5 16. Ng3 Nf8 17. Rad1 Ng6 18.
Bc1 Qc7 19. Nf5 Bf8 20. Qg3 c4 21. bxc4 dxc4 22. Be4 Rad8 23. Nd6 Bxd6 24. exd6 Qa5 25. Bxb7 Qxa2 26. Bc6 Rf8 27. Bg5 f6 28. Rxe6 fxg5 29. Rxg6 Qxc2 30. Rxg7+ Kxg7 31. Qe5+ Rf6 32. Qe7+ Rf7 33.
Qxg5+ 1-0

[Event "*** Titled Tuesday Blitz"]
[Site "Chess.com"]
[Date "2020.04.07"]
[Round "5"]
[White "Jenia84"]
[Black "JoakimVonAnd"]
[Result "0-1"]
[WhiteElo "2305"]
[BlackElo "2488"]
[TimeControl "180+1"]
[EndTime "13:55:01 PDT"]
[Termination "JoakimVonAnd won by resignation"]

1. Nf3 d5 2. g3 Nf6 3. Bg2 Bf5 4. O-O e6 5. d3 h6 6. Nbd2 c6 7. b3 Be7 8. Bb2 O-O 9. Ne5 Bh7 10. e4 a5 11. f4 a4 12. bxa4 dxe4 13. Nxe4 Qb6+ 14. Kh1 Qxb2 15. Rb1 Qd4 16. Rxb7 Nxe4 17. dxe4 Qxd1 18. Rxd1 Bc5 19. h4 Rxa4 20. Rdb1 Bd6 21. Nd7 Nxd7 22. Rxd7 Bc5 23. e5 Rxa2 24. Bxc6 Rxc2 25. Rbb7 Bf2 26.
Ba4 Be4+ 27. Kh2 Rc1 0-1

[Event "*** Titled Tuesday Blitz"]
[Site "Chess.com"]
[Date "2020.04.07"]
[Round "5"]
[White "ChelsieMonica"]
[Black "CalinGheorghiu"]
[Result "1-0"]
[WhiteElo "2247"]
[BlackElo "2433"]
[TimeControl "180+1"]
[EndTime "13:55:02 PDT"]
[Termination "ChelsieMonica won by resignation"]

1. c4 e6 2. Nf3 d5 3. e3 Nf6 4. Nc3 Be7 5. b3 O-O 6. Bb2 c5 7. cxd5 exd5 8. d4 cxd4 9. Nxd4 Nc6 10. Be2 a6 11. O-O Bd6 12. Rc1 Qe7 13. Na4 Qe5 14.
g3 Nxd4 15. Bxd4 Qg5 16. Nb6 Bh3 17. Nxa8 Bxf1 18. Bxf6 Qxf6 19. Bxf1 Rxa8 20. Qxd5 Rb8 21.
Rd1 Bf8 22. Qd7 b5 23. Rd5 g6 24. e4 Qa1 25. e5 Qxa2 26. e6 Qxb3 27. Qxf7+ Kh8 28.
Rd7 1-0

[Event "*** Titled Tuesday Blitz"]
[Site "Chess.com"]
[Date "2020.04.07"]
[Round "5"]
[White "nabukatnezarr"]
[Black "Lagmantr"]
[Result "0-1"]
[WhiteElo "2551"]
[BlackElo "2738"]
[TimeControl "180+1"]
[EndTime "13:55:03 PDT"]
[Termination "Lagmantr won by resignation"]

1. d4 d5 2. Bf4 c5 3. e3 Nf6 4. c3 Nc6 5. Nd2 Qb6 6. Qb3 c4 7. Qc2 g6 8. e4 Nxe4 9. Nxe4 dxe4 10. Bxc4 Bf5 11. Be3 Qc7 12. Ne2 Bg7 13. O-O O-O 14. Rac1 Rac8 15. a3 Ne5 16. dxe5 Qxc4 17. Ng3 Bxe5 18.
Nxf5 gxf5 19. Bxa7 Kh8 20. Rfd1 Rg8 21. Qd2 Rg6 22.
Qd5 Qxd5 23. Rxd5 Bf4 24. Rcd1 Rd6 25. Bd4+ f6 26. Rxf5 e5 27. g3 exd4 28. Rxf4 dxc3 29. Rxd6 c2 30. Rdxf6 c1=Q+ 31. Kg2 Qxb2 32. a4 e3 33. Re6 exf2 34. Rxf2 Qb3 35. Re4 Qd5 36. Re2 Rc2 37. Kf3 Rxe2 0-1

[Event "*** Titled Tuesday Blitz"]
[Site "Chess.com"]
[Date "2020.04.07"]
[Round "5"]
[White "riconaipe"]
[Black "davigator"]
[Result "1-0"]
[WhiteElo "2528"]
[BlackElo "2337"]
[TimeControl "180+1"]
[EndTime "13:55:04 PDT"]
[Termination "riconaipe won by resignation"]

1. d4 Nf6 2. c4 e6 3. Nc3 Bb4 4. e3 O-O 5. Bd3 c5 6. Ne2 cxd4 7. exd4 d5 8. O-O Nc6 9. a3 Be7 10. c5 a5 11. Bg5 h6 12. Bh4 b6 13. cxb6 Qxb6 14.
Na4 Qa7 15. Rc1 Bd7 16. Nc5 Be8 17. Kh1 Nxd4 18. Nxd4 Bxc5 19. Bxf6 gxf6 20. Qg4+ Kh8 21. Nf3 Rg8 22. Qh4 Kg7 23. b4 Be7 24. Qg3+ Kf8 25. Qf4 Rh8 26. b5 Qb8 27. Qd2 Bxa3 28. Rb1 Bb4 29. Qe3 Qd6 30. Nd4 Rb8 31. Rfc1 h5 32. f4 h4 33. h3 Bc5 34. Rxc5 e5 35. Nf5 Qd7 36. fxe5 Qe7 37. Nxe7 1-0

[Event "*** Titled Tuesday Blitz"]
[Site "Chess.com"]
[Date "2020.04.07"]
[Round "5"]
[White "malandragem"]
[Black "Bastiandash"]
[Result "1-0"]
[WhiteElo "2478"]
[BlackElo "1962"]
[TimeControl "180+1"]
[EndTime "13:55:04 PDT"]
[Termination "malandragem won on time"]

1. d4 Nf6 2. c4 e6 3. Nc3 Bb4 4.
e3 b6 5. Bd3 Bb7 6. Ne2 Ne4 7. O-O Bxc3 8. Nxc3 Nxc3 9. bxc3 O-O 10. e4 d6 11. Qg4 e5 12. f4 Kh8 13. d5 Nd7 14. f5 f6 15. Rf3 Rf7 16. Rh3 Qg8 17. Be3 a5 18. Rf1 Nc5 19. Bc2 Ba6 20. Qe2 Rb8 21. Rff3 b5 22. cxb5 Bxb5 23. c4 Ba6 24.
Bxc5 dxc5 25. Ra3 Rb4 26. Rhc3 Qb8 27. Rxa5 Qb6 28. Rca3 Bb7 29. Bb3 Rf8 30. Qf2 c6 31. Qxc5 1-0

[Event "*** Titled Tuesday Blitz"]
[Site "Chess.com"]
[Date "2020.04.07"]
[Round "5"]
[White "ChristopherYoo"]
[Black "mamonika"]
[Result "1-0"]
[WhiteElo "2663"]
[BlackElo "1929"]
[TimeControl "180+1"]
[EndTime "13:55:07 PDT"]
[Termination "ChristopherYoo won by resignation"]

1. e4 c6 2. d4 d5 3. e5 c5 4. dxc5 e6 5. a3 Bxc5 6. Qg4 Ne7 7. Nf3 Ng6 8. h4 h5 9. Qg3 Nc6 10. Bd3 Nce7 11. Bg5 Qb6 12. b4 a5 13. bxc5 Qb2 14.
O-O Qxa1 15. Bxe7 Nxe7 16. Qxg7 Rg8 17. Qh7 Bd7 18. Ng5 Qxe5 19. Qxf7+ Kd8 20. Qxg8+ Nxg8 21. Nf7+ Ke7 22. Nxe5 Be8 23. Nd2 Rc8 24. Rb1 Kf6 25.
Ndf3 Rxc5 26. Rxb7 Ne7 27. g4 hxg4 28. Nxg4+ Kf7 29. Ng5+ Kf8 1-0

[Event "*** Titled Tuesday Blitz"]
[Site "Chess.com"]
[Date "2020.04.07"]
[Round "5"]
[White "Dyadya81"]
[Black "wild_cat99"]
[Result "0-1"]
[WhiteElo "2697"]
[BlackElo "2534"]
[TimeControl "180+1"]
[EndTime "13:55:07 PDT"]
[Termination "wild_cat99 won by checkmate"]

1. e4 c5 2. b4 cxb4 3. Bb2 e6 4. Nf3 d6 5. d4 Nf6 6. Bd3 b6 7. Qe2 Bb7 8. a3 bxa3 9. Bxa3 Be7 10. h4 d5 11. e5 Ne4 12. Nfd2 Nxd2 13. Nxd2 Nc6 14. c3 Qc7 15. Qg4 g6 16. h5 O-O-O 17. Bxe7 Qxe7 18.
Rh3 Kb8 19. Rf3 Rd7 20. Rf6 Rc8 21. Nb3 Rdc7 22. Kd2 Nd8 23. Rc1 Qa3 24. Bc2 Rxc3 25. hxg6 Rxb3 26. g7 Qb4+ 27. Kd1 Qc4 28. g8=Q Qf1+ 29.
Kd2 Rxc2+ 30. Rxc2 Rd3# 0-1

[Event "*** Titled Tuesday Blitz"]
[Site "Chess.com"]
[Date "2020.04.07"]
[Round "5"]
[White "Natalya_Buksa"]
[Black "Trickov"]
[Result "1-0"]
[WhiteElo "2457"]
[BlackElo "2235"]
[TimeControl "180+1"]
[EndTime "13:55:07 PDT"]
[Termination "Natalya_Buksa won by resignation"]

1. e4 c5 2. Nf3 d6 3. d4 Nf6 4.
Nc3 cxd4 5. Nxd4 a6 6. Bd3 e5 7. Nde2 Be7 8. O-O Be6 9. Ng3 Nbd7 10. a4 Rc8 11. a5 Qc7 12. Be3 Nc5 13. Nf5 Bxf5 14. exf5 d5 15. Bg5 Nxd3 16. cxd3 d4 17.
Bxf6 dxc3 18. Bxg7 c2 19. Qd2 Rg8 20. f6 Bc5 21. Qxc2 Bd4 22. Qe2 Qc2 23. Qe4 Qc6 24. Qxh7 Kd7 25. Qh3+ Qe6 26. Qf3 Rc6 27. Rac1 Rgc8 28.
Rxc6 Qxc6 29. Qf5+ Qe6 30. Qe4 Qc6 31. Qe2 Qd5 32. h4 Qe6 33. h5 Qf5 34. h6 Rc6 35. Qe4 Qh5 36. h7 1-0

[Event "*** Titled Tuesday Blitz"]
[Site "Chess.com"]
[Date "2020.04.07"]
[Round "5"]
[White "cukin84"]
[Black "Leo_C"]
[Result "0-1"]
[WhiteElo "2107"]
[BlackElo "2321"]
[TimeControl "180+1"]
[EndTime "13:55:07 PDT"]
[Termination "Leo_C won by resignation"]

1. e4 Nf6 2. e5 Nd5 3. d4 d6 4. c4 Nb6 5. exd6 cxd6 6. Nc3 g6 7. Nf3 Bg7 8. Be2 O-O 9. Be3 Bg4 10. O-O d5 11. c5 Nc8 12. h3 Bxf3 13. Bxf3 e6 14. Rb1 a5 15. a3 Ne7 16. b4 Nf5 17. b5 Nd7 18. g4 Nxe3 19. fxe3 Bh6 20. Qe2 Qh4 21.
Bg2 Rac8 22. Nd1 Kh8 23. Qf2 Qe7 24. h4 f5 25. g5 Bg7 26. Nc3 Nxc5 27. Nxd5 exd5 28.
dxc5 Rxc5 29. Rfc1 Rfc8 30. Rxc5 Rxc5 31. a4 Qe5 32. Bf3 Rc3 33. Rd1 Qxe3 34. Qxe3 Rxe3 35. Bxd5 b6 36. Rc1 Bd4 37. Kg2 Bc5 38. Bf7 Kg7 39. Bd5 Rd3 40. Bb7 Rd4 41. Re1 Rxh4 42. Rd1 Rg4+ 43. Kf3 Rxg5 44. Rd7+ Kh6 45. Bd5 Rg4 46. Bg8 Rxa4 47. Rxh7+ Kg5 48. Rd7 Ra3+ 49. Ke2 Kf4 50. Bh7 Rg3 51. Rg7 a4 52. Bxg6 a3 53. Ra7 Rxg6 0-1

[Event "*** Titled Tuesday Blitz"]
[Site "Chess.com"]
[Date "2020.04.07"]
[Round "5"]
[White "otrov-11"]
[Black "Kavyev_Ruslan"]
[Result "0-1"]
[WhiteElo "2418"]
[BlackElo "2612"]
[TimeControl "180+1"]
[EndTime "13:55:08 PDT"]
[Termination "Kavyev_Ruslan won by resignation"]

1. d4 Nf6 2. c4 g6 3. Nc3 d5 4. e4 dxe4 5. f3 exf3 6. Nxf3 Bg7 7. Be2 O-O 8. O-O h6 9. Bf4 c5 10. d5 e6 11. Qd2 exd5 12. cxd5 Kh7 13. a4 Na6 14.
Ne5 Nb4 15. Bf3 Bf5 16. g4 Bd7 17. Rae1 a6 18. h4 Qc8 19. g5 hxg5 20. hxg5 Ng4 21. Nxd7 Qxd7 22. Qg2 f5 23. gxf6 Nxf6 24. Re6 Rae8 25.
Rfe1 Nd3 26. Qh2+ Kg8 27. Rxe8 Rxe8 28. Rxe8+ Qxe8 29. Bd2 b5 30. axb5 axb5 31. Be2 c4 32. Qg3 b4 33. Bxd3 bxc3 34. Bxg6 cxd2 35. Bxe8 d1=Q+ 36.
Kh2 0-1

[Event "*** Titled Tuesday Blitz"]
[Site "Chess.com"]
[Date "2020.04.07"]
[Round "5"]
[White "MikeSailer"]
[Black "tomozupan"]
[Result "1/2-1/2"]
[WhiteElo "2049"]
[BlackElo "2255"]
[TimeControl "180+1"]
[EndTime "13:55:08 PDT"]
[Termination "Game drawn by agreement"]

1. d4 Nf6 2. Bf4 g6 3. e3 Bg7 4. Nf3 O-O 5. Be2 d5 6. O-O c5 7. c3 Nc6 8. Nbd2 b6 9. h3 a6 10. Ne5 Bb7 11. Ndf3 Nd7 12. Nxc6 Bxc6 13. a3 b5 14. b4 cxd4 15. cxd4 Rc8 16. Rc1 Qb6 17.
Qb3 Bb7 18. Bg5 f6 19. Bf4 Qe6 20. Bd3 Nb6 21. e4 Nc4 22. exd5 Bxd5 23. Rfe1 Qb6 24.
Bxc4 Bxc4 25. Qe3 e6 26. Nd2 Bd5 27. Nb3 Rc4 28. Nc5 Rc8 29. Rxc4 Bxc4 30. Nxe6 Re8 31. d5 Qxe3 32. Rxe3 Bxd5 33. Nxg7 Rxe3 34. Bxe3 Kxg7 35.
f3 Kf7 1/2-1/2

[Event "*** Titled Tuesday Blitz"]
[Site "Chess.com"]
[Date "2020.04.07"]
[Round "5"]
[White "Alopekos"]
[Black "mbojan"]
[Result "0-1"]
[WhiteElo "2442"]
[BlackElo "2696"]
[TimeControl "180+1"]
[EndTime "13:55:09 PDT"]
[Termination "mbojan won by resignation"]

1. e4 c5 2. Nc3 e6 3. Nge2 Nc6 4. d4 cxd4 5. Nxd4 a6 6. Be3 Qc7 7. Be2 Nf6 8. O-O Be7 9. f4 d6 10. Qe1 O-O 11. Qg3 Nxd4 12. Bxd4 b5 13. e5 dxe5 14. fxe5 Nd7 15. Ne4 Bb7 16. Nd6 Bd5 17. Bd3 g6 18. Qf4 f5 19. Rac1 Nc5 20. Be2 Rad8 21. c4 bxc4 22. Bxc4 Ba8 23. Bxe6+ Nxe6 24. Rxc7 Nxf4 25. Rxe7 Ne2+ 26. Kh1 Nxd4 27. Rc1 Nc6 0-1

[Event "*** Titled Tuesday Blitz"]
[Site "Chess.com"]
[Date "2020.04.07"]
[Round "5"]
[White "mokerslag"]
[Black "Gajuchess"]
[Result "0-1"]
[WhiteElo "2442"]
[BlackElo "2678"]
[TimeControl "180+1"]
[EndTime "13:55:09 PDT"]
[Termination "Gajuchess won on time"]

1. e4 c5 2. Nf3 d6 3. d4 cxd4 4. Nxd4 Nf6 5. Nc3 a6 6. Be2 e5 7. Nb3 Be7 8. Bg5 O-O 9. Bxf6 Bxf6 10. Qd3 Nc6 11. Rd1 Nb4 12. Qxd6 Nxc2+ 13. Kf1 Be6 14. Qxd8 Rfxd8 15. Nc5 Bc8 16. Nd5 Nd4 17. Nxf6+ gxf6 18. Bc4 Be6 19. Bxe6 Nxe6 20. Nd7 Kg7 21. Ke2 Nd4+ 22. Rxd4 exd4 23. Nb6 Rab8 24. Kd3 Rd6 25. Nd5 f5 26. f3 fxe4+ 27. fxe4 Rc8 28. Re1 f5 29. Ne7 fxe4+ 30. Rxe4 Rc5 0-1

[Event "*** Titled Tuesday Blitz"]
[Site "Chess.com"]
[Date "2020.04.07"]
[Round "5"]
[White "attack2mateU"]
[Black "Chessterra87"]
[Result "0-1"]
[WhiteElo "2663"]
[BlackElo "2336"]
[TimeControl "180+1"]
[EndTime "13:55:10 PDT"]
[Termination "Chessterra87 won by checkmate"]

1. e4 c5 2. Nf3 e6 3. c3 d5 4. exd5 exd5 5. d4 Nf6 6. Bb5+ Bd7 7. Qe2+ Be7 8. dxc5 O-O 9. Be3 Re8 10. b4 Ng4 11. O-O Nxe3 12. fxe3 Bxb5 13. Qxb5 Bf6 14. Qxb7 Nd7 15.
Qxd5 Qc7 16. Nd4 Rad8 17. Qc6 Qe5 18. Qf3 Qg5 19. Qf4 Qg6 20. Qf5 Qh6 21. Nc6 Be5 22. Nxd8 Bxh2+ 23. Kf2 Qxe3# 0-1

[Event "*** Titled Tuesday Blitz"]
[Site "Chess.com"]
[Date "2020.04.07"]
[Round "5"]
[White "Ariadna_Atreides"]
[Black "Stormeman100100"]
[Result "0-1"]
[WhiteElo "2046"]
[BlackElo "2480"]
[TimeControl "180+1"]
[EndTime "13:55:11 PDT"]
[Termination "Stormeman100100 won by checkmate"]

1. d4 d5 2. Nf3 Nf6 3. c4 e6 4.
Nc3 Bb4 5. e3 O-O 6. Bd2 b6 7.
Bd3 Ba6 8. Qe2 Nbd7 9. O-O c5 10.
cxd5 Bxd3 11. Qxd3 exd5 12. a3 Bxc3 13. Bxc3 c4 14. Qc2 Ne4 15. Ne5 Nxe5 16. dxe5 Qc7 17. Bd4 a5 18. a4 Nc5 19. Bxc5 bxc5 20. f4 Rab8 21. e4 dxe4 22. Qxe4 Rxb2 23. Qxc4 Rd8 24. Rad1 Rdd2 25. Rxd2 Rxd2 26. Qb5 g6 27. Rc1 c4 28.
h3 c3 29. Qe8+ Kg7 30. e6 c2 31. exf7 Rd1+ 32. Kf2 Qxf4+ 33. Ke2 Rd2+ 34. Ke1 Qf2# 0-1

[Event "*** Titled Tuesday Blitz"]
[Site "Chess.com"]
[Date "2020.04.07"]
[Round "5"]
[White "swisspower96"]
[Black "Nastya_Rakhmangulova"]
[Result "0-1"]
[WhiteElo "2666"]
[BlackElo "2383"]
[TimeControl "180+1"]
[EndTime "13:55:13 PDT"]
[Termination "Nastya_Rakhmangulova won by resignation"]

1. d4 d5 2. c4 c6 3. Nf3 Nf6 4. e3 Bf5 5. Nc3 e6 6. Nh4 Be4 7. f3 Bg6 8. Qb3 Qc7 9. Bd2 Be7 10. O-O-O Nbd7 11. g4 dxc4 12. Bxc4 Nb6 13. Be2 Nfd5 14.
Nxg6 hxg6 15. f4 Nxc3 16. Qxc3 O-O-O 17. Kb1 g5 18. fxg5 Rxh2 19. Rxh2 Qxh2 20. Bf3 Bxg5 21. Qa3 Nc4 22. Qc3 Nxd2+ 23. Rxd2 Qg1+ 24. Kc2 Qxe3 25. Rd3 Qf2+ 26. Kb3 Qh2 27. Qa5 Bc1 28. Qc3 Bf4 29. Ka4 Bc7 30. Qc4 b5+ 0-1

[Event "*** Titled Tuesday Blitz"]
[Site "Chess.com"]
[Date "2020.04.07"]
[Round "5"]
[White "The_Machine04"]
[Black "CarlosAlbornoz"]
[Result "0-1"]
[WhiteElo "2378"]
[BlackElo "2722"]
[TimeControl "180+1"]
[EndTime "13:55:13 PDT"]
[Termination "CarlosAlbornoz won by resignation"]

1. d4 Nf6 2. Bg5 c5 3. Bxf6 exf6 4. dxc5 Bxc5 5. e3 d5 6. Nf3 O-O 7. Be2 Nc6 8. c3 Bg4 9. Nbd2 Re8 10. O-O a6 11. a4 Ba7 12. h3 Bh5 13. Nb3 Qd6 14. Nfd4 Bg6 15. Bf3 Ne5 16. Be2 Rad8 17. f4 Nc4 18. f5 Nxe3 19. Qd2 Nxf5 20. Bf3 Ne3 21. Rfe1 Nc4 22. Qf2 Bb8 23. g4 Ne5 24. Rad1 Nd3 25. Rxe8+ Rxe8 26. Qd2 Nf4 27. Bg2 Nxg2 28. Qxg2 Be4 29. Qf2 h5 30. Re1 hxg4 31. hxg4 Re5 32. Nd2 Rg5 33. Nf5 Rxg4+ 34. Kf1 Bd3+ 0-1

[Event "*** Titled Tuesday Blitz"]
[Site "Chess.com"]
[Date "2020.04.07"]
[Round "5"]
[White "yarosavich"]
[Black "Zq1"]
[Result "1/2-1/2"]
[WhiteElo "2727"]
[BlackElo "2557"]
[TimeControl "180+1"]
[EndTime "13:55:16 PDT"]
[Termination "Game drawn by repetition"]

1. d4 d5 2. c4 e6 3. Nc3 Be7 4. cxd5 exd5 5. Bf4 Nf6 6. e3 O-O 7. Bd3 c5 8. dxc5 Bxc5 9. Nge2 Nc6 10. O-O d4 11.
exd4 Nxd4 12. Nxd4 Bxd4 13. Qf3 Bxc3 14. bxc3 Qd5 15.
Qxd5 Nxd5 16. Be5 Be6 17. c4 Nb6 18. Be4 Bxc4 19. Bxb7 Bxf1 20. Bxa8 Rxa8 21. Kxf1 Rc8 22. Bd4 Rc4 23. Rd1 f6 24. Bxb6 axb6 25. Rd8+ Kf7 26.
Rb8 Rb4 27. a4 Kg6 28. g3 h5 29. h4 Kf5 30. Ra8 g5 31. hxg5 fxg5 32. a5 bxa5 33.
Rxa5+ Kg6 34. Kg2 g4 35. Ra6+ Kg5 36. Ra5+ Kg6 37. Ra6+ Kg5 38. Ra5+ Kg6 1/2-1/2

[Event "*** Titled Tuesday Blitz"]
[Site "Chess.com"]
[Date "2020.04.07"]
[Round "5"]
[White "CzechmVIII"]
[Black "vova-79"]
[Result "1/2-1/2"]
[WhiteElo "2241"]
[BlackElo "2424"]
[TimeControl "180+1"]
[EndTime "13:55:16 PDT"]
[Termination "Game drawn by repetition"]

1. e4 e6 2. d4 d5 3. Nc3 dxe4 4. Nxe4 Nd7 5. Nf3 Ngf6 6. Nxf6+ Nxf6 7. Bd3 c5 8. Qe2 cxd4 9. Bd2 Be7 10. O-O-O O-O 11. g4 Qd5 12. Kb1 Rd8 13. g5 Nd7 14. Be4 Qd6 15. h4 Nc5 16. Bb4 Qb6 17. Bxc5 Bxc5 18.
Qd3 Bd7 19. Bxh7+ Kf8 20. Be4 Bb5 21. Qd2 Be8 22. Ne5 Bb4 23. Qf4 Bc3 24. b3 a5 25.
Ng6+ Kg8 26. Ne7+ Kf8 27. Ng6+ Kg8 28. Ne7+ Kf8 29. Ng6+ 1/2-1/2

[Event "*** Titled Tuesday Blitz"]
[Site "Chess.com"]
[Date "2020.04.07"]
[Round "5"]
[White "DinaBelenkaya"]
[Black "jaskol95"]
[Result "0-1"]
[WhiteElo "2240"]
[BlackElo "2388"]
[TimeControl "180+1"]
[EndTime "13:55:19 PDT"]
[Termination "jaskol95 won by resignation"]

1. e4 e6 2. d4 d5 3. Nc3 Bb4 4. e5 Ne7 5. a3 Bxc3+ 6. bxc3 c5 7. h4 Qc7 8. Bd2 Nbc6 9. Qg4 Nf5 10. Nf3 cxd4 11.
cxd4 Ncxd4 12. Nxd4 Qxe5+ 13. Be3 Nxe3 14. fxe3 Qxe3+ 15.
Ne2 O-O 16. Qd4 Qh6 17. g3 Bd7 18. Bg2 e5 19. Qd2 Qg6 20. O-O Bc6 21. c4 d4 22.
Bxc6 bxc6 23. Rab1 Rab8 24. c5 Rxb1 25. Rxb1 Qxb1+ 26. Kg2 Qe4+ 27. Kh2 Qd5 28. Qc1 f5 29. Ng1 f4 30. g4 e4 31. Ne2 d3 0-1

[Event "*** Titled Tuesday Blitz"]
[Site "Chess.com"]
[Date "2020.04.07"]
[Round "5"]
[White "AleksanderHnydiuk"]
[Black "youngKID"]
[Result "0-1"]
[WhiteElo "2561"]
[BlackElo "2818"]
[TimeControl "180+1"]
[EndTime "13:55:21 PDT"]
[Termination "youngKID won by resignation"]

1. Nf3 Nf6 2. c4 g6 3. d4 Bg7 4. g3 O-O 5. Bg2 c5 6. Nc3 cxd4 7. Nxd4 Nc6 8. O-O d6 9. Nxc6 bxc6 10. Bxc6 Bh3 11.
Bxa8 Qxa8 12. f3 Bxf1 13. Kxf1 Rc8 14. b3 d5 15. Ba3 dxc4 16. Bxe7 Ng4 17. Qd2 cxb3 18.
Rc1 Rxc3 19. Rxc3 bxa2 20. Qc1 Ne3+ 21. Rxe3 a1=Q 22. Qxa1 Bxa1 23. Rd3 Kg7 24. Rd8 Qb7 25. Bf8+ Kf6 26. Rd6+ Ke5 27. f4+ Kf5 0-1

[Event "*** Titled Tuesday Blitz"]
[Site "Chess.com"]
[Date "2020.04.07"]
[Round "5"]
[White "Fenil1995"]
[Black "Kobalia"]
[Result "1/2-1/2"]
[WhiteElo "2425"]
[BlackElo "2598"]
[TimeControl "180+1"]
[EndTime "13:55:21 PDT"]
[Termination "Game drawn by agreement"]

1. d4 d5 2. Nc3 Bf5 3. Bf4 e6 4. e3 Bd6 5. Nf3 Ne7 6. Bd3 O-O 7. O-O Nd7 8. Bxd6 cxd6 9. e4 dxe4 10. Nxe4 Bxe4 11.
Bxe4 Nf6 12. Bd3 Qb6 13. Qd2 d5 14. Ne5 Nc6 15. c3 Nxe5 16. dxe5 Nd7 17. Rae1 Rfd8 18. Re3 Nc5 19. Bb1 Ne4 20. Bxe4 dxe4 21. Qe2 Qa5 22. Rxe4 Qxa2 23. Rb4 Rd7 24. Rh4 Rad8 25. Qe4 h6 26. Qg4 Qxb2 27. Rxh6 Qc2 28. h3 Rd1 29. Kh2 Rxf1 30.
Rh8+ Kxh8 31. Qh4+ 1/2-1/2

[Event "*** Titled Tuesday Blitz"]
[Site "Chess.com"]
[Date "2020.04.07"]
[Round "5"]
[White "almaguerjm"]
[Black "Chessalary"]
[Result "1-0"]
[WhiteElo "2325"]
[BlackElo "2238"]
[TimeControl "180+1"]
[EndTime "13:55:22 PDT"]
[Termination "almaguerjm won by resignation"]

1. d4 d5 2. Nf3 Nf6 3. g3 c6 4. Bg2 Bf5 5. O-O h6 6. c4 e6 7. Nc3 Nbd7 8. Qb3 Qb6 9. c5 Qxb3 10.
axb3 Ne4 11. b4 Nxc3 12. bxc3 Be7 13. h4 O-O 14. Bf4 b6 15. Nd2 f6 16. e4 dxe4 17.
Nxe4 e5 18. Be3 bxc5 19. dxc5 Be6 20. Nd6 Bxd6 21. cxd6 Bd5 22. Bxd5+ cxd5 23. Rfd1 Rfc8 24. Ra3 Kf7 25. Rxd5 Ke6 26. Rda5 Kxd6 27. Rxa7 Rxa7 28. Bxa7 e4 29. Kf1 Ne5 30. Bc5+ Ke6 31. Ra7 g5 32. h5 Nd3 33. Bd4 Kf5 34. Rh7 Ne5 35. Rxh6 Ng4 36.
Rh7 Re8 37. Ke2 Ra8 38. Ra7 Rh8 39. Ra5+ Ke6 40. Rxg5 fxg5 41. Bxh8 1-0

[Event "*** Titled Tuesday Blitz"]
[Site "Chess.com"]
[Date "2020.04.07"]
[Round "5"]
[White "AryanTari"]
[Black "vlad_Sid"]
[Result "1-0"]
[WhiteElo "2888"]
[BlackElo "2632"]
[TimeControl "180+1"]
[EndTime "13:55:23 PDT"]
[Termination "AryanTari won by resignation"]

1. e4 c6 2. d4 d5 3. e5 Bf5 4. h4 h5 5. c4 e6 6. Nc3 Ne7 7. Nge2 Nd7 8. Ng3 Bg6 9. cxd5 Nxd5 10. Be2 Be7 11. Nxd5 cxd5 12. Nxh5 Bxh5 13. Bxh5 g6 14. Be2 Rxh4 15. Rxh4 Bxh4 16. Qb3 Qb6 17. Be3 Qxb3 18. axb3 Be7 19. Bd3 Nb8 20. Ke2 Nc6 21. Rh1 Kd7 22. Rh7 Nd8 23. Bb5+ Kc7 24. Be8 Rc8 25. Kd3 g5 26.
Bxf7 Nxf7 27. Rxf7 Kd8 28. Rg7 Rc6 29. Bd2 Ke8 30.
Bxg5 Bxg5 31. Rxg5 Rb6 32. Kc2 Rc6+ 33. Kd2 Rb6 34.
Rg3 1-0

[Event "*** Titled Tuesday Blitz"]
[Site "Chess.com"]
[Date "2020.04.07"]
[Round "5"]
[White "Vadim_Biliy"]
[Black "medalja"]
[Result "0-1"]
[WhiteElo "2248"]
[BlackElo "2440"]
[TimeControl "180+1"]
[EndTime "13:55:23 PDT"]
[Termination "medalja won on time"]

1. d4 Nf6 2. Nf3 e6 3. e3 c5 4. Be2 Nc6 5. O-O b6 6. b3 Bb7 7. Bb2 cxd4 8. Nxd4 Be7 9. c4 O-O 10. Nc3 Rc8 11. Rc1 Nxd4 12. Qxd4 Bc5 13. Qh4 Qe7 14. Rfd1 Rfd8 15. Na4 Ba3 16. Bd3 Bxb2 17. Nxb2 d5 18. cxd5 exd5 19. Bf5 Rxc1 20. Rxc1 g6 21. Bh3 d4 22. exd4 Qd6 23. Rd1 Nd5 24. Nc4 Qc7 25.
Qh6 Nf4 26. Ne3 Rxd4 0-1